 Dungeon Crawl Stone Soup version 0.29-a0-648-g6b26cc9f40 (webtiles) character file.

Game seed: 15306778517121541141

226 ptdevnull the Caller (level 5, 0/28 HPs)
             Began as a Deep Elf Summoner on June 21, 2022.
             Slain by an adder (2 damage)
             ... on level 4 of the Dungeon.
             The game lasted 00:12:10 (4832 turns).

ptdevnull the Caller (Deep Elf Summoner)            Turns: 4832, Time: 00:12:11

Health: 0/28       AC:  3    Str:  5    XL:     5   Next: 69%
Magic:  2/14       EV: 12    Int: 22    God:
Gold:   154        SH:  0    Dex: 15    Spells: 5/14 levels left

rFire   . . .      SeeInvis .   f - +0 dagger (speed)
rCold   . . .      Faith    .   (no shield)
rNeg    . . .      Spirit   .   a - +1 robe
rPois   .          Reflect  .   (no helmet)
rElec   .          Harm     .   (no cloak)
rCorr   .          Rampage  .   (no gloves)
Will    .....                   (no boots)
Stlth   ++........              (no amulet)
HPRegen 0.09/turn               (no ring)
MPRegen 0.14/turn               (no ring)

@: no status effects
A: no striking features
a: no special abilities


You were on level 4 of the Dungeon.
You visited 1 branch of the dungeon, and saw 4 of its levels.

You collected 154 gold pieces.

Inventory:

Hand Weapons
 d - a +0 dagger
 f - a +0 dagger of speed (weapon)
 q - a +0 quarterstaff
Armour
 a - a +1 robe (worn)
 h - a +0 pair of gloves
Jewellery
 s - a ring of ice
 u - a ring of ice
Scrolls
 b - a scroll of vulnerability {unknown}
 c - a scroll of teleportation {unknown}
 e - 2 scrolls of poison
 j - a scroll of noise {unknown}
 l - a scroll of enchant armour
 n - a scroll of identify
 o - a scroll of blinking {unknown}
 r - a scroll of amnesia {unknown}
Potions
 g - 5 potions of curing
 i - a potion of lignification {unknown}
 k - a potion of ambrosia {unknown}
 m - a potion of degeneration {unknown}
 p - a potion of heal wounds
 t - a potion of resistance {unknown}


   Skills:
 - Level 2.4 Dodging
 - Level 2.4 Stealth
 + Level 5.1 Spellcasting
 * Level 6.8 Summonings


You had 5 spell levels left.
You knew the following spells:

 Your Spells              Type           Power      Damage    Failure   Level
a - Summon Small Mammal   Summ           100%       N/A       1%          1
b - Call Imp              Summ           35%        N/A       1%          2
c - Call Canine Familiar  Summ           35%        N/A       1%          3
d - Summon Guardian Gole  Hex/Summ       20%        N/A       8%          3

Your spell library contained the following spells:

 Spells                   Type           Power      Damage    Failure   Level
 Sting                    Tmut/Pois      20%        1d4       10%         1
 Blink                    Tloc           10%        N/A       16%         2
 Static Discharge         Conj/Air       5%         N/A       16%         2
 Summon Lightning Spire   Summ/Air       20%        N/A       24%         4
 Lesser Beckoning         Tloc           5%         N/A       30%         3
 Manifold Assault         Tloc           5%         N/A       95%         5
 Yara's Violent Unravell  Hex/Tmut       2%         3d3       95%         5


Dungeon Overview and Level Annotations

Branches:
Dungeon (4/15)
 Temple: D:4-7

Altars:
Dithmenos
Fedhas
Okawaru
Uskayaw


Message History

The adder closely misses something.
The adder closely misses something.
The adder bites something but does no damage.
The centaur wields a +0 shortbow.
The centaur shoots an arrow.
The arrow closely misses your quokka. The arrow hits your hound.
Casting: Summon Small Mammal (safe; 1% risk of failure)
Confirm with . or Enter, or press ? or * to list all spells.
Your crimson imp disappears in a puff of smoke!
You barely miss the adder.
The adder is lightly wounded.
The centaur shoots an arrow.
The arrow hits your hound!
Your hound dies!
Your hound's corpse disappears in a puff of smoke!
Unknown command.
Casting: Summon Small Mammal (safe; 1% risk of failure)
Confirm with . or Enter, or press ? or * to list all spells.
The adder barely misses you.
The centaur shoots an arrow.
The arrow hits you. The adder bites you.
Unknown command.
Casting: Call Canine Familiar (safe; 1% risk of failure)
Confirm with . or Enter, or press ? or * to list all spells.
A beastly little devil appears in a puff of flame.
The centaur shoots an arrow.
The arrow closely misses your quokka. The arrow barely misses you.
The adder bites you.
* * * LOW HITPOINT WARNING * * *
The centaur shoots an arrow.
The arrow barely misses your quokka. The arrow hits you.
* * * LOW HITPOINT WARNING * * *
Unknown command.
As you read the scroll labelled NICWIY VIL GOLOU, it crumbles to dust.
It is a scroll of enchant armour.
Your +0 robe glows green for a moment.
Your wolf completely misses the adder.
The adder closely misses you.
The centaur unwields a +0 shortbow.
The centaur barely misses your quokka. The centaur kicks your quokka.
Your wolf barely misses the adder.
As you read the scroll labelled KAAQUS KYSHRE, it crumbles to dust.
It is a scroll of identify.
e - 2 scrolls of poison Your wolf closely misses the adder.
The adder bites you.
You die...

#.# #.#####.#.##
#5# #.r.rh§sS...
#.# #######c###.
#b# # #r# #
#.####### ####.#
#.#.#.#.## #....#
#..crr...# #.#
###§#@#.## #.#
#..Sh5..# #.#
##<#.#.## #.####
#.......# #.)..#
##.#.#.### #.##.#
#........####§##.##
##.#.#.#...#§§§#..#
#.........#.#§#§#.#
##.#.#.##.§§§_§§..#


You could see a centaur, an adder (ally target), a friendly wolf (summoned), a
friendly crimson imp (summoned) and 2 friendly quokkas.

Vanquished Creatures
  A phantom (D:3)
  An adder (D:3)
  2 dart slugs
  2 ball pythons
  4 endoplasms
  4 giant cockroaches
  2 goblins
  A hobgoblin (D:2)
  A kobold (D:2)
  A quokka (D:3)
  2 bats (D:3)
  2 rats (D:1)
23 creatures vanquished.

Vanquished Creatures (collateral kills)
  Jessica (D:2)
  3 gnolls (D:4)
  An adder (D:2)
  A dart slug (D:3)
  3 bats
  An endoplasm (D:2)
  3 giant cockroaches
  8 goblins
  3 hobgoblins
  13 jackals
  4 kobolds
  A quokka (D:4)
  2 ball pythons (D:1)
  2 frilled lizards (D:1)
  2 rats (D:1)
48 creatures vanquished.

Vanquished Creatures (others)
  A fungus (D:1)
  A plant (D:1)
2 creatures vanquished.

Grand Total: 73 creatures vanquished

Notes
Turn   | Place    | Note
-------+----------+-------------------------------------------
     0 | D:1      | ptdevnull the Deep Elf Summoner began the quest for the
                  | Orb.
     0 | D:1      | Reached XP level 1. HP: 10/10 MP: 6/6
   378 | D:1      | Reached XP level 2. HP: 6/15 MP: 5/8
   775 | D:1      | Learned a level 2 spell: Call Imp
   975 | D:1      | Reached skill level 5 in Summonings
  1288 | D:1      | Found a faded altar of an unknown god.
  1314 | D:1      | Reached XP level 3. HP: 19/19 MP: 5/10
  1364 | D:1      | Learned a level 3 spell: Call Canine Familiar
  1368 | D:1      | Learned a level 3 spell: Summon Guardian Golem
  1881 | D:2      | Noticed Jessica
  1898 | D:2      | Killed Jessica
  1899 | D:2      | Reached XP level 4. HP: 10/24 MP: 7/12
  2683 | D:2      | Found an iron altar of Okawaru.
  3305 | D:3      | Reached skill level 6 in Summonings
  3773 | D:3      | Noticed a phantom
  3813 | D:3      | Killed a phantom
  3814 | D:3      | Reached XP level 5. HP: 6/28 MP: 11/14
  4181 | D:3      | Found a blossoming altar of Fedhas.
  4224 | D:3      | Got Sif Muna's Almanac of Floating Moulding
  4354 | D:3      | Noticed a +0 dagger
  4355 | D:3      | Noticed a +0 short sword
  4356 | D:3      | Noticed a +0 falchion
  4356 | D:3      | Noticed a +0 spear
  4362 | D:3      | Found a hide-covered altar of Uskayaw.
  4364 | D:3      | Noticed a +0 falchion
  4364 | D:3      | Noticed a +0 spear
  4364 | D:3      | Noticed a +0 short sword
  4365 | D:3      | Noticed a +0 dagger
  4495 | D:4      | Reached skill level 5 in Spellcasting
  4674 | D:4      | Found a shadowy altar of Dithmenos.
  4744 | D:4      | Noticed a centaur
  4832 | D:4      | Slain by an adder

Illustrated notes

Levels and vault maps discovered:
D:1:      dpeg_arrival_another_circle, layout_basic,
          shapermc_ecumenical_altar_mp_urbaneastern, serial_park_tiny_1
D:2:      layout_loops_corners, basic_altar, kennysheep_generic_room_7,
          uniq_jessica
D:3:      layout_basic, old_standard_altar, nicolae_uskayaw_en_pointe
D:4:      black_bear_nest_2, layout_basic, grunt_dithmenos_smoke_and_mirrors,
          demons_altar, st_stairs_12, minmay_pentomino_pile, uniq_menkaure

Skill      XL: |  1  2  3  4  5 |
---------------+----------------+-----
Summonings     | 5 6 |  6.8
Spellcasting   | 4 5 |  5.1
Dodging        | |  2.4
Stealth        | |  2.4

Action                   |  1- 3 |  4- 6 || total
-------------------------+-------+-------++-------
Melee: Unarmed           |     6 |       ||     6
       Dagger            |    62 |   108 ||   170
       Punch             |     1 |     1 ||     2
 Cast: Summon Small Mamm |    26 |    14 ||    40
       Call Imp          |     8 |    17 ||    25
       Call Canine Famil |     5 |    10 ||    15
  Use: Potion            |       |     3 ||     3
       Scroll            |       |     2 ||     2
 Stab: Sleeping          |       |     5 ||     5
Armor: Robe              |     5 |    11 ||    16
Dodge: Dodged            |    55 |    45 ||   100

Table legend: (Time is in decaauts)
 A = Elapsed time spent in this place.
 B = Non-inter-level travel time spent in this place.
 C = Inter-level travel time spent in this place.
 D = Time resting spent in this place.
 E = Time spent auto-exploring this place.
 F = Levels seen in this place.
 G = Mean time per level.
                   A        B        C        D        E       F      G
               +--------+--------+--------+--------+--------+-----+--------+
         Total |   4780 |   4672 |    108 |    643 |   3406 |   4 | 1195.0 |
       Dungeon |   4780 |   4672 |    108 |    643 |   3406 |   4 | 1195.0 |
               +--------+--------+--------+--------+--------+-----+--------+

Top non-repeatable levels by time:
     D:1: 1720 daAuts
     D:2: 1520 daAuts
     D:3: 1187 daAuts
     D:4: 353 daAuts
